AoeStats
← Ana Desbloqueame Te Amo

Arabia

504403905Analyzed
3v3 RM · 28d ago on Sep 5, 2026· 53m 55s· 6 players
Game mode
Random Map
Map size
Normal (6 player)
Population
200
Speed
Normal
Resources
Standard
Victory
Conquest
Starting age
Dark Age
Ending age
Imperial Age
RankedLock teamsTeams togetherTeam positionsShared explorationLock speedFull tech treeHidden civsTurbo modeCheats
Victory
Defeat
🇺🇸 Britons · United States
812
+14
🇺🇸 Inca · United States
787
+15
🇺🇸 Franks · United States
754
+16
🇲🇽 Bohemians · Mexico
801
-16
753
-15
🇲🇽 Khmer · Mexico
744
-14
fatfatfattie
12:08 Feudal Age
12:15 Loom
12:57 Double-Bit Axe
18:40 Castle Age
18:11 Scale Barding Armor
20:02 Chain Barding Armor
20:17 Husbandry
23:11 Forging
26:05 Iron Casting
26:38 Pikeman
30:45 Bow Saw
36:54 Wheelbarrow
40:16 Imperial Age
41:34 Hand Cart
41:19 Gold Mining
41:19 Stone Mining
40:58 Halberdier
41:30 Cavalier
43:38 Plate Barding Armor
44:05 Blast Furnace
46:34 Squires
48:05 Caravan
48:01 Capped Ram
50:24 Chivalry
50:02 Paladin
52:14 Light Cavalry
jaykablooey27
2:53 Loom
11:12 Feudal Age
11:53 Double-Bit Axe
13:42 Horse Collar
17:43 Castle Age
16:48 Forging
17:52 Crossbowman
19:09 Fletching
21:48 Ballistics
22:01 Pikeman
24:29 Padded Archer Armor
24:47 Heavy Plow
31:04 Bodkin Arrow
33:15 Iron Casting
32:56 Leather Archer Armor
40:04 Imperial Age
38:34 Scale Mail Armor
40:46 Warwolf
42:20 Chemistry
41:21 Bracer
41:10 Arbalester
43:21 Halberdier
46:42 Blast Furnace
45:58 Chain Mail Armor
46:14 Ring Archer Armor
50:34 Plate Mail Armor
50:33 Squires
52:13 Yeomen
52:33 Onager
nicolasvillassanta15
7:50 Loom
13:32 Feudal Age
15:50 Champi Runner
18:51 Forging
22:37 Castle Age
21:39 Arson
24:10 Double-Bit Axe
24:06 Horse Collar
24:17 Gold Mining
24:18 Stone Mining
40:04 Imperial Age
39:24 Gold Shaft Mining
40:18 Ballistics
41:39 Conscription
40:50 Capped Ram
42:43 Fabric Shields
42:11 Elite Kamayuk
46:02 Squires
53:29 Iron Casting
52:55 Scale Mail Armor
Shipo
8:35 Loom
12:07 Feudal Age
13:31 Wheelbarrow
21:13 Castle Age
25:33 Double-Bit Axe
31:21 Bow Saw
32:35 Hand Cart
35:35 Horse Collar
36:20 Fletching
43:50 Imperial Age
46:07 Ballistics
48:27 Forging
50:55 Bodkin Arrow
51:36 Iron Casting
Ana Desbloqueame Te Amo
12:27 Feudal Age
13:35 Double-Bit Axe
16:11 Horse Collar
23:00 Castle Age
21:24 Gold Mining
21:27 Stone Mining
24:32 Forging
24:28 Scale Barding Armor
29:46 Bloodlines
30:15 Iron Casting
30:01 Chain Barding Armor
30:23 Heavy Plow
36:57 Imperial Age
37:47 Grand Trunk Road
38:16 Heavy Camel Rider
41:09 Blast Furnace
40:47 Plate Barding Armor
41:33 Imperial Camel Rider
43:23 Husbandry
Sobresdrujula
0:57 Loom
12:36 Feudal Age
13:12 Horse Collar
13:45 Double-Bit Axe
20:29 Castle Age
18:45 Stone Mining
20:36 Bloodlines
21:22 Husbandry
20:47 Light Cavalry
22:47 Bow Saw
28:17 Pikeman
34:26 Caravan
35:34 Gold Mining
36:04 Heavy Plow
39:41 Gold Shaft Mining
40:03 Ballistics
46:42 Imperial Age
47:29 Double Crossbow
50:28 Chemistry
50:24 Elite Ballista Elephant
51:33 Conscription
Connection lost

Rejoining the realm…

Still unreachable

The connection could not be restored.

Session expired

The server has moved on; the page needs a fresh start.